 Dungeon Crawl Stone Soup version 0.27.1-3-gb3d3a73c9e (webtiles) character file.

Game seed: 8080537913256243693

2 nxtlvl the Bolt Thrower (level 1, 14/16 HPs)
             Began as a Formicid Hunter on Oct 14, 2021.
             Quit the game on level 1 of the Dungeon.
             The game lasted 00:00:36 (51 turns).

nxtlvl the Bolt Thrower (Formicid Hunter)             Turns: 51, Time: 00:00:36

Health: 14/16      AC:  3    Str: 16    XL:     1   Next: 44%
Magic:  1/1        EV: 11    Int: 10    God:
Gold:   0          SH:  0    Dex: 11    Spells: 0/0 levels left

rFire    . . .     SeeInvis +   b - +0 short sword
rCold    . . .     Faith    .   (no shield)
rNeg     . . .     Spirit   .   c - +0 leather armour
rPois    .         Reflect  .   (helmet unavailable)
rElec    .         Harm     .   (no cloak)
rCorr    .         Rampage  .   (no gloves)
Will     .....                  (no boots)
Stlth    +.........             (no amulet)
HPRegen  0.05/turn              (no ring)
MPRegen  0.07/turn              (no ring)

@: no status effects
A: permanent stasis, dig shafts and tunnels, antennae 3, four strong arms
a: Dig, Shaft Self


You were on level 1 of the Dungeon.
You visited 1 branch of the dungeon, and saw 1 of its levels.

Inventory:

Hand Weapons
 a - a +1 hand crossbow
 b - a +0 short sword (weapon)
Missiles
 d - 20 bolts
Armour
 c - a +0 leather armour (worn)


   Skills:
 + Level 2.1 Fighting
 + Level 0.4 Short Blades
 + Level 4.0 Crossbows
 + Level 1.7 Dodging
 + Level 1.2 Stealth


You couldn't memorise any spells.
You didn't know any spells.
Your spell library was empty.

Dungeon Overview and Level Annotations

Branches:
Dungeon (1/15)

Altars:


Innate Abilities, Weirdness & Mutations

You cannot be hasted, slowed, berserked, paralysed or teleported.
You can dig through walls and to a lower floor.
You have a pair of large antennae on your head. (SInv)
Your four strong arms can wield two-handed weapons with a shield.


Message History

Found a staircase leading out of the dungeon.
b - a +0 short sword (weapon)
Found a stone staircase leading down.
Found a scroll labelled QAAKKOVAWU.
A quokka and 3 jackals come into view.
The jackal barks! x2
You hit the jackal.
The jackal is moderately wounded.
The jackal barely misses you.
You hit the jackal.
The jackal is severely wounded.
The jackal bites you but does no damage.
You barely miss the jackal.
The jackal is severely wounded.
The jackal barely misses you. The jackal closely misses you.
You barely miss the jackal.
The jackal is severely wounded.
The jackal bites you but does no damage.
You hit the jackal but do no damage.
The jackal is severely wounded.
The jackal bites you. The jackal misses you.
The jackal barks!
You hit the jackal.
You kill the jackal!
You hit the jackal.
The jackal is severely wounded.
The jackal closely misses you.
The jackal bites you but does no damage.
You hit the jackal but do no damage.
The jackal is severely wounded.
The jackal barely misses you.
You hit the jackal.
You kill the jackal!
The jackal barely misses you.
You closely miss the jackal.
The jackal bites you but does no damage.
You hit the jackal.
The jackal is moderately wounded.
The jackal closely misses you. x2
Are you sure you want to abandon this character and quit the game? (Confirm with "yes".) ...hh.h{.PPP..PPPPP. #....{...PP.PPP...PP #.# #PP.PP.PPP.P #.# #P.PP.PP.PP. #h# ##P.P.PP.P.PP #.# #...P.P.PPP.P #.# #.P.P.PP.P.PP #.######.P.PP.PP.PP. #.h@.....PP.PP.PPP.P #########PP.PPP...PP #PPP..PPPPP. #PPPPP.....P #PPPPPPPPPPP #PPPPPPPPPPP ############

You could see a jackal.

Vanquished Creatures
  2 jackals (D:1)
2 creatures vanquished.

Vanquished Creatures (others)
  2 plants (D:1)
2 creatures vanquished.

Grand Total: 4 creatures vanquished

Notes
Turn   | Place    | Note
-------+----------+-------------------------------------------
     0 | D:1      | nxtlvl the Formicid Hunter began the quest for the Orb.
     0 | D:1      | Reached XP level 1. HP: 16/16 MP: 1/1
    51 | D:1      | Quit the game

Illustrated notes

Levels and vault maps discovered:
D:1:      roderic_crop_circles_arrival_small, layout_basic, serial_shops, shop,
          shapermc_ecumenical_altar_mp_highgroup, feat_on_display

Action                   || total
-------------------------++-------
Melee: Short sword       ||    11
Armor: Leather armour    ||     4
Dodge: Dodged            ||     9
